[Event "ICC tourney 2357 (30 5)"]
[Site "Internet Chess Club"]
[Date "2021.01.30"]
[Round "4"]
[White "SABHZOYA"]
[Black "SABXMSJoel"]
[Result "0-1"]
[ICCResult "White checkmated"]
[WhiteElo "507"]
[BlackElo "804"]
[Opening "Ruy Lopez: Berlin defense"]
[ECO "C65"]
[NIC "RL.07"]
[Time "16:08:31"]
[PlyCount "118"]
[TimeControl "1800+5"]

1. e4 e5 2. Nf3 Nc6 3. Bb5 Nf6 4. Bxc6 dxc6 5. Nxe5 Bd6 6. Nc4 O-O 7. Nxd6
Qxd6 8. Nc3 Qe7 9. Qf3 Re8 10. d3 Bg4 11. Qe3 Bd7 12. O-O Ng4 13. Qf3 Ne5
14. Re1 Nxf3+ 15. gxf3 Bh3 16. Kh1 Be6 17. Rg1 Rad8 18. Bg5 Qd7 19. Bxd8
Qxd8 20. Rg2 g6 21. Ne2 Bh3 22. Rg3 Be6 23. Nf4 Qh4 24. Ne2 b6 25. Rag1 Qf6
26. Rg5 Qxf3+ 27. R5g2 Qxe2 28. f4 Qh5 29. Rg5 Qh6 30. f5 Bxf5 31. exf5 Qg7
32. fxg6 fxg6 33. b3 Rf8 34. Kg2 Qf7 35. Kh1 Qf3+ 36. R5g2 Qf7 37. Re1 Kg7
38. Ree2 Kg8 39. Ref2 Qxf2 40. Rxf2 Rxf2 41. a4 Rxc2 42. b4 Rb2 43. a5 bxa5
44. bxa5 Rd2 45. d4 Rxd4 46. h4 Rxh4+ 47. Kg2 Ra4 48. Kf3 Rxa5 49. Ke4 Kg7
50. Kd4 h5 51. Kc4 h4 52. Kd3 h3 53. Ke2 h2 54. Kf2 h1=Q 55. Ke3 Qh4 56.
Kd3 Ra3+ 57. Kc2 Qh2+ 58. Kb1 Rg3 59. Kc1 Rg1# { White checkmated } 0-1

[Event "ICC tourney 2357 (30 5)"]
[Site "Internet Chess Club"]
[Date "2021.01.30"]
[Round "4"]
[White "Chk727"]
[Black "LionsWilliamH"]
[Result "0-1"]
[ICCResult "White checkmated"]
[WhiteElo "195"]
[BlackElo "581"]
[Opening "QGD: Marshall defense"]
[ECO "D06"]
[NIC "QP.08"]
[Time "16:08:23"]
[PlyCount "60"]
[TimeControl "1800+5"]

1. d4 d5 2. c4 Nf6 3. e3 Bf5 4. Bd3 e6 5. Bxf5 exf5 6. cxd5 Nxd5 7. Nc3
Nxc3 8. bxc3 Qd5 9. Qb3 Qxg2 10. Qxb7 Qxb7 11. Bd2 Qxh1 12. O-O-O Qe4 13.
Re1 Ba3+ 14. Kd1 Qd3 15. Nf3 O-O 16. Rg1 Nc6 17. Rg3 Qf1+ 18. Ne1 Qxf2 19.
Rg2 Qh4 20. Nf3 Qh6 21. e4 Qf6 22. d5 fxe4 23. Nd4 Nxd4 24. cxd4 Qf3+ 25.
Re2 Rab8 26. d6 cxd6 27. h3 Rbc8 28. Ke1 Bc1 29. Bxc1 Rxc1+ 30. Kd2 Qc3# {
White checkmated } 0-1

[Event "ICC tourney 2357 (30 5)"]
[Site "Internet Chess Club"]
[Date "2021.01.30"]
[Round "4"]
[White "NotPolite"]
[Black "Savethegoats"]
[Result "1-0"]
[ICCResult "Black resigns"]
[WhiteElo "827"]
[BlackElo "290"]
[Opening "King's pawn game"]
[ECO "C21"]
[NIC "KP.10"]
[Time "16:08:23"]
[PlyCount "93"]
[TimeControl "1800+5"]

1. e4 e5 2. d4 d5 3. dxe5 dxe4 4. Qxd8+ Kxd8 5. Nc3 Bd7 6. Nxe4 Nc6 7. Nf3
Bb4+ 8. Bd2 Be7 9. O-O-O Nb4 10. Bxb4 Bxb4 11. Bb5 Kc8 12. Bxd7+ Kb8 13.
Be8 a6 14. Rd8+ Ka7 15. Rxa8+ Kxa8 16. Nfg5 Nh6 17. Bxf7 Rd8 18. e6 Nxf7
19. exf7 Rd4 20. Rd1 Rxd1+ 21. Kxd1 b5 22. a3 Bf8 23. f4 h6 24. Ne6 Be7 25.
f8=Q+ Bxf8 26. Nxf8 c6 27. g4 a5 28. g5 hxg5 29. fxg5 b4 30. axb4 axb4 31.
h4 Ka7 32. h5 Ka6 33. h6 b3 34. Nc5+ Ka5 35. Nxb3+ Kb4 36. hxg7 c5 37. Nxc5
Kxc5 38. g8=Q Kb4 39. Qb3+ Kc5 40. g6 Kd6 41. g7 Kc5 42. g8=Q Kc6 43. Qgc4+
Kd6 44. Qbd3+ Ke7 45. Qce4+ Kxf8 46. Qdf3+ Kg7 47. Qeg4+ { Black resigns }
1-0

[Event "ICC tourney 2357 (30 5)"]
[Site "Internet Chess Club"]
[Date "2021.01.30"]
[Round "4"]
[White "SAJohn"]
[Black "Tayga"]
[Result "1/2-1/2"]
[ICCResult "Game drawn by mutual agreement"]
[WhiteElo "786"]
[BlackElo "745"]
[Opening "Scandinavian defense"]
[ECO "B01"]
[NIC "SD.03"]
[Time "16:08:28"]
[PlyCount "47"]
[TimeControl "1800+5"]

1. e4 d5 2. exd5 Nf6 3. Nc3 Nxd5 4. Bc4 Be6 5. Qf3 c6 6. d3 g6 7. Nge2 Bg7
8. Nf4 O-O 9. Nfxd5 cxd5 10. Bb3 d4 11. Ne2 Nc6 12. Bxe6 fxe6 13. Qh3 Qd6
14. Bh6 Qe5 15. Bxg7 Kxg7 16. Qg3 Qxg3 17. Nxg3 Nb4 18. O-O Nxc2 19. Rac1
Rac8 20. a3 b5 21. Rfd1 b4 22. axb4 Nxb4 23. Rxc8 Rxc8 24. Ne4 { Game drawn
by mutual agreement } 1/2-1/2

[Event "ICC tourney 2357 (30 5)"]
[Site "Internet Chess Club"]
[Date "2021.01.30"]
[Round "4"]
[White "JaithD"]
[Black "RowanTheAwesome"]
[Result "0-1"]
[ICCResult "White checkmated"]
[WhiteElo "753"]
[BlackElo "556"]
[Opening "Petrov's defense"]
[ECO "C42"]
[NIC "RG.03"]
[Time "16:08:33"]
[PlyCount "30"]
[TimeControl "1800+5"]

1. e4 e5 2. Nf3 Nf6 3. Nxe5 Nc6 4. Nxc6 dxc6 5. Nc3 Bc5 6. Bc4 Ng4 7. O-O
Qh4 8. h3 Nxf2 9. Qf3 Nxh3+ 10. Kh2 Nf2+ 11. Qh3 Bxh3 12. g3 Ng4+ 13. Kh1
Qxg3 14. Bxf7+ Kd8 15. Ne2 Qh2# { White checkmated } 0-1

[Event "ICC tourney 2357 (30 5)"]
[Site "Internet Chess Club"]
[Date "2021.01.30"]
[Round "4"]
[White "Prezelton"]
[Black "rishatag"]
[Result "1-0"]
[ICCResult "Black checkmated"]
[WhiteElo "709"]
[BlackElo "535"]
[Opening "Giuoco Piano"]
[ECO "C54"]
[NIC "IG.02"]
[Time "16:08:30"]
[PlyCount "81"]
[TimeControl "1800+5"]

1. e4 e5 2. Nf3 Nc6 3. Bc4 Bc5 4. c3 Nf6 5. d3 d6 6. Bg5 Bg4 7. h3 Bh5 8.
g4 Bg6 9. Nbd2 O-O 10. Qe2 h6 11. Bh4 a6 12. d4 exd4 13. cxd4 Nxd4 14. Nxd4
Bxd4 15. Nf3 Bc5 16. O-O-O Re8 17. Nd2 Qe7 18. Rhe1 b5 19. Bd5 Rab8 20. Bc6
Rf8 21. f4 Rb6 22. Bd5 c6 23. Bb3 a5 24. f5 Bh7 25. e5 dxe5 26. Qxe5 Qxe5
27. Rxe5 Bd4 28. Ree1 a4 29. Bc2 Nd5 30. a3 Ne3 31. Bf2 Nxd1 32. Bxd4 Rbb8
33. Rxd1 Rbd8 34. Bc5 Rfe8 35. Be4 Re5 36. Bb4 c5 37. Bc3 Re7 38. Bc6 Rb8
39. Ne4 Rb6 40. Rd8+ Re8 41. Rxe8# { Black checkmated } 1-0

[Event "ICC tourney 2357 (30 5)"]
[Site "Internet Chess Club"]
[Date "2021.01.30"]
[Round "4"]
[White "LeniBps116"]
[Black "ChattyYouth"]
[Result "0-1"]
[ICCResult "White checkmated"]
[WhiteElo "262"]
[BlackElo "621"]
[Opening "French defense"]
[ECO "C00"]
[NIC "FR.01"]
[Time "16:09:06"]
[PlyCount "112"]
[TimeControl "1800+5"]

1. e4 e6 2. Nf3 d5 3. exd5 exd5 4. Bb5+ Bd7 5. Qe2+ Be7 6. O-O c6 7. Bd3
Nf6 8. Nc3 d4 9. Nxd4 c5 10. Nf5 Bxf5 11. Bxf5 O-O 12. Ne4 Re8 13. Nxf6+
Bxf6 14. Qh5 g6 15. Qg4 Bg7 16. Bxg6 fxg6 17. d3 Nd7 18. Bg5 Bf6 19. Bxf6
Nxf6 20. Qg5 Rc8 21. Rae1 Qd6 22. Re3 c4 23. Rh3 cxd3 24. cxd3 Rc2 25. Qh6
Rxb2 26. Rh4 Rxa2 27. Qg5 Rae2 28. Qc1 b5 29. Rb4 Qxb4 30. Qd1 Qc5 31. h3
Qe5 32. Qc1 Re1 33. Rxe1 Qxe1+ 34. Qxe1 Rxe1+ 35. Kh2 g5 36. Kg3 Kg7 37. f3
Kg6 38. Kf2 Ra1 39. g4 Ra3 40. Ke3 Nd5+ 41. Kd4 Nf4 42. Ke4 Nxd3 43. Kd4
Nf4 44. Ke4 Nxh3 45. Kd4 Rxf3 46. Ke4 Rf4+ 47. Ke5 a5 48. Kd5 a4 49. Kc5 b4
50. Kb5 a3 51. Ka4 a2 52. Kb3 a1=Q 53. Kc2 Rf3 54. Kd2 Qa2+ 55. Ke1 Rb3 56.
Kd1 Rb1# { White checkmated } 0-1

[Event "ICC tourney 2357 (30 5)"]
[Site "Internet Chess Club"]
[Date "2021.01.30"]
[Round "4"]
[White "mrandrew"]
[Black "ConnorGalvez"]
[Result "0-1"]
[ICCResult "White checkmated"]
[WhiteElo "333"]
[BlackElo "657"]
[Opening "Queen's gambit declined"]
[ECO "D30"]
[NIC "QP.08"]
[Time "16:08:49"]
[PlyCount "42"]
[TimeControl "1800+5"]

1. d4 d5 2. c4 e6 3. cxd5 Qxd5 4. Nc3 Qa5 5. Bf4 Nf6 6. Nf3 Bd6 7. Bxd6
cxd6 8. e3 a6 9. Bd3 O-O 10. Qc2 e5 11. O-O g6 12. Rac1 Nc6 13. a3 exd4 14.
Nxd4 Nxd4 15. exd4 Qg5 16. f4 Qh4 17. f5 Qxd4+ 18. Kh1 Qe5 19. fxg6 Ng4 20.
gxh7+ Kg7 21. Ne2 Qxh2# { White checkmated } 0-1

[Event "ICC tourney 2357 (30 5)"]
[Site "Internet Chess Club"]
[Date "2021.01.30"]
[Round "4"]
[White "BreacenIsGreat"]
[Black "Rafaelab"]
[Result "1-0"]
[ICCResult "Black checkmated"]
[WhiteElo "826"]
[BlackElo "445"]
[Opening "Scandinavian (center counter) defense"]
[ECO "B01"]
[NIC "VO.17"]
[Time "16:09:08"]
[PlyCount "69"]
[TimeControl "1800+5"]

1. e4 d5 2. e5 c5 3. Nf3 Nc6 4. d4 cxd4 5. Nxd4 Nxe5 6. Nc3 Nf6 7. Bb5+ Bd7
8. Bxd7+ Qxd7 9. Bf4 Nc6 10. Ncb5 e5 11. Bxe5 Nxe5 12. Qe2 Qe7 13. Nf5 Qe6
14. Nc7+ Kd8 15. Nxe6+ fxe6 16. Qxe5 exf5 17. Qxf5 Bb4+ 18. c3 Bc5 19. O-O
Re8 20. Rfe1 Ne4 21. Qxd5+ Kc8 22. Rxe4 Rxe4 23. Qxe4 b5 24. Qxa8+ Kc7 25.
b4 Be7 26. Qxa7+ Kd6 27. Qc5+ Ke6 28. Re1+ Kf6 29. Qxe7+ Kg6 30. Re6+ Kh5
31. Qc5+ g5 32. g4+ Kh4 33. Rh6+ Kxg4 34. h3+ Kf3 35. Qe3# { Black
checkmated } 1-0

[Event "ICC tourney 2357 (30 5)"]
[Site "Internet Chess Club"]
[Date "2021.01.30"]
[Round "4"]
[White "Natethegreat12"]
[Black "dplasse"]
[Result "0-1"]
[ICCResult "White checkmated"]
[WhiteElo "889"]
[BlackElo "738"]
[Opening "Two knights defense"]
[ECO "C58"]
[NIC "KP.01"]
[Time "16:08:35"]
[PlyCount "66"]
[TimeControl "1800+5"]

1. e4 e5 2. Nf3 Nc6 3. Bc4 Nf6 4. Ng5 d5 5. exd5 Na5 6. Bb5+ c6 7. dxc6
bxc6 8. Ba4 h6 9. Nf3 e4 10. Ne5 Qd5 11. Ng4 Bxg4 12. f3 exf3 13. O-O f2+
14. Kxf2 Bxd1 15. Rxd1 Qd4+ 16. Kf1 Qxa4 17. Re1+ Be7 18. b3 Qh4 19. Ba3
Qf4+ 20. Kg1 Ne4 21. Re2 Bxa3 22. Nxa3 O-O 23. Rae1 Nf6 24. g3 Qc7 25. Re7
Qb6+ 26. Kh1 Rae8 27. Rxe8 Rxe8 28. Rf1 Re2 29. Nb1 Qd4 30. Nc3 Rxd2 31. h4
Qxc3 32. Rxf6 Qxf6 33. b4 Qf1# { White checkmated } 0-1

[Event "ICC tourney 2357 (30 5)"]
[Site "Internet Chess Club"]
[Date "2021.01.30"]
[Round "4"]
[White "Isaac2021"]
[Black "AT2021"]
[Result "0-1"]
[ICCResult "White checkmated"]
[WhiteElo "853"]
[BlackElo "225"]
[Opening "Scotch game"]
[ECO "C45"]
[NIC "SO.04"]
[Time "16:08:17"]
[PlyCount "104"]
[TimeControl "1800+5"]

1. e4 e5 2. Nf3 Nc6 3. d4 exd4 4. Nxd4 Nxd4 5. Qxd4 Nf6 6. Nc3 b6 7. Be3
Bc5 8. Qd3 Bxe3 9. Qxe3 Bb7 10. Bd3 O-O 11. O-O-O d6 12. h4 Re8 13. f3 d5
14. Qf4 Qd6 15. Qxd6 cxd6 16. exd5 Nxd5 17. Ne2 Rac8 18. g4 Nb4 19. Bf5
Rcd8 20. g5 Bxf3 21. Rhe1 Bxe2 22. Rd2 Bh5 23. Rf1 Bg6 24. Bxg6 hxg6 25.
Rdf2 Re7 26. Rh1 Rde8 27. Rff1 a5 28. h5 gxh5 29. g6 fxg6 30. b3 b5 31. a3
Na2+ 32. Kb2 Re2 33. Rc1 Nxc1 34. Kxc1 Re1+ 35. Rxe1 Rxe1+ 36. Kd2 Ra1 37.
a4 bxa4 38. bxa4 Rxa4 39. c4 Rxc4 40. Kd3 Rc8 41. Kd2 a4 42. Kd3 a3 43. Kd4
a2 44. Kd5 a1=Q 45. Kxd6 Qa6+ 46. Kd7 Qb7+ 47. Kd6 Rc6+ 48. Kd5 Qb5+ 49.
Ke4 Rc4+ 50. Ke3 Qb3+ 51. Kd2 Rc2+ 52. Kd1 Qb1# { White checkmated } 0-1

[Event "ICC tourney 2357 (30 5)"]
[Site "Internet Chess Club"]
[Date "2021.01.30"]
[Round "4"]
[White "RonKese"]
[Black "marksheinin"]
[Result "0-1"]
[ICCResult "White checkmated"]
[WhiteElo "449"]
[BlackElo "693"]
[Opening "Four knights: Spanish, classical defense"]
[ECO "C48"]
[NIC "KP.03"]
[Time "16:09:08"]
[PlyCount "68"]
[TimeControl "1800+5"]

1. e4 e5 2. Nf3 Nc6 3. Nc3 Nf6 4. Bb5 Bc5 5. Bxc6 dxc6 6. Nxe5 Qd4 7. Nd3
Nxe4 8. Nxe4 Qxe4+ 9. Qe2 Qxe2+ 10. Kxe2 Bb6 11. Ne5 O-O 12. d3 Re8 13. f4
Bg4+ 14. Kd2 Bf5 15. Re1 Bf2 16. Re2 Bd4 17. c3 Bb6 18. g4 Bc8 19. Kc2 f6
20. d4 fxe5 21. dxe5 Bxg4 22. Rg2 Bh3 23. Rg3 Bf5+ 24. Kb3 a5 25. a4 Bc5
26. Bd2 b5 27. Be3 Bxe3 28. Rxe3 c5 29. Rg3 c4+ 30. Ka3 bxa4 31. Kxa4 c5
32. Rag1 g6 33. h4 Reb8 34. b4 axb4# { White checkmated } 0-1

[Event "ICC tourney 2357 (30 5)"]
[Site "Internet Chess Club"]
[Date "2021.01.30"]
[Round "4"]
[White "awesome122243"]
[Black "MYMSSolinaChess"]
[Result "0-1"]
[ICCResult "White checkmated"]
[WhiteElo "655"]
[BlackElo "779"]
[Opening "Sicilian"]
[ECO "B54"]
[NIC "SI.01"]
[Time "16:08:45"]
[PlyCount "98"]
[TimeControl "1800+5"]

1. e4 c5 2. Nf3 d6 3. d4 cxd4 4. Nxd4 e5 5. Nf3 Nc6 6. Nc3 Nf6 7. Bc4 Be7
8. Ng5 O-O 9. O-O Bg4 10. Qd2 a6 11. Nd5 Nxd5 12. Bxd5 Bxg5 13. Qxg5 Qxg5
14. Bxg5 Nd4 15. Rac1 Ne2+ 16. Kh1 Nxc1 17. Rxc1 h6 18. Bxb7 Rab8 19. h3
hxg5 20. hxg4 Rxb7 21. Rd1 Rxb2 22. Rxd6 Rb1+ 23. Kh2 Rf1 24. Kg3 Rc1 25.
Rxa6 Rxc2 26. f3 g6 27. a4 Ra2 28. a5 Kg7 29. f4 gxf4+ 30. Kh4 Rh8+ 31. Kg5
f6+ 32. Rxf6 Rxg2 33. Rxg6+ Kf7 34. Rf6+ Kg7 35. a6 Ra8 36. Rg6+ Kf7 37.
Rf6+ Ke7 38. Kf5 f3 39. Kxe5 f2 40. a7 Rxa7 41. g5 Ra5+ 42. Kf4 Raxg5 43.
Rf5 f1=Q+ 44. Ke5 Rxf5+ 45. exf5 Re2+ 46. Kd5 Qd1+ 47. Kc4 Rc2+ 48. Kb3
Qb1+ 49. Ka3 Ra2# { White checkmated } 0-1

[Event "ICC tourney 2357 (30 5)"]
[Site "Internet Chess Club"]
[Date "2021.01.30"]
[Round "4"]
[White "MingMing59"]
[Black "grandmasted"]
[Result "0-1"]
[ICCResult "White checkmated"]
[WhiteElo "523"]
[BlackElo "827"]
[Opening "Sicilian"]
[ECO "B50"]
[NIC "SI.01"]
[Time "16:09:08"]
[PlyCount "90"]
[TimeControl "1800+5"]

1. e4 c5 2. Nf3 d6 3. h3 Nc6 4. Bc4 Nf6 5. Nc3 Nxe4 6. Nxe4 d5 7. Bxd5 Qxd5
8. Qe2 Bf5 9. d3 c4 10. dxc4 Qxe4 11. Qxe4 Bxe4 12. Ng5 Bxc2 13. O-O h6 14.
Nf3 Be4 15. Nd2 Bf5 16. Re1 e6 17. a3 Bd6 18. Nf3 O-O 19. Be3 a6 20. Rad1
Rad8 21. Kf1 Be4 22. Nh4 Be7 23. Nf3 Bxf3 24. gxf3 Rxd1 25. Rxd1 Rd8 26.
Re1 b5 27. cxb5 axb5 28. Bb6 Rd2 29. h4 Bxh4 30. f4 Rxb2 31. Rd1 f5 32. Re1
Kf7 33. f3 Bxe1 34. Kxe1 Ra2 35. a4 Rxa4 36. Bc5 Rxf4 37. Ke2 b4 38. Bxb4
Nxb4 39. Ke3 e5 40. Ke2 h5 41. Ke3 h4 42. Kd2 h3 43. Ke2 h2 44. Kf2 h1=Q
45. Kg3 Rxf3# { White checkmated } 0-1

[Event "ICC tourney 2357 (30 5)"]
[Site "Internet Chess Club"]
[Date "2021.01.30"]
[Round "4"]
[White "hotham1000"]
[Black "ahemphill"]
[Result "1-0"]
[ICCResult "Black checkmated"]
[WhiteElo "875"]
[BlackElo "484"]
[Opening "QGD: symmetrical (Austrian) defense"]
[ECO "D06"]
[NIC "QP.08"]
[Time "16:08:23"]
[PlyCount "105"]
[TimeControl "1800+5"]

1. d4 d5 2. c4 c5 3. e3 e5 4. Bd2 e4 5. Nc3 cxd4 6. exd4 Nc6 7. Be3 Nf6 8.
g3 dxc4 9. Bxc4 Ng4 10. h3 Nxe3 11. fxe3 Bb4 12. Ne2 O-O 13. Rf1 Bxh3 14.
Rf4 Bxc3+ 15. bxc3 Re8 16. Bxf7+ Kf8 17. Bxe8+ Kxe8 18. Ng1 Qg5 19. Rxe4+
Kf8 20. Qf3+ Bf5 21. Nh3 Qg6 22. Rf4 Ne7 23. g4 h6 24. gxf5 Nxf5 25. Rxf5+
Kg8 26. O-O-O Qd6 27. Rf1 Qa3+ 28. Kd1 Qa4+ 29. Ke1 Qa3 30. Rf8+ Rxf8 31.
Qxf8+ Qxf8 32. Rxf8+ Kxf8 33. Kf2 a5 34. Kf3 Ke7 35. e4 Kd6 36. Nf4 a4 37.
e5+ Ke7 38. Ke4 h5 39. Nxh5 g5 40. Ng3 b5 41. d5 b4 42. cxb4 Kd7 43. e6+
Kc7 44. Kf5 Kb6 45. e7 Kb5 46. e8=Q+ Kxb4 47. Kxg5 a3 48. Qb8+ Kc3 49. Qb3+
Kd2 50. d6 Kc1 51. d7 Kd2 52. d8=Q+ Kc1 53. Ne2# { Black checkmated } 1-0

[Event "ICC tourney 2357 (30 5)"]
[Site "Internet Chess Club"]
[Date "2021.01.30"]
[Round "4"]
[White "nithin0628"]
[Black "yputumbaka"]
[Result "1/2-1/2"]
[ICCResult "Game drawn by repetition"]
[WhiteElo "818"]
[BlackElo "635"]
[Opening "Hungarian defense"]
[ECO "C50"]
[NIC "IG.03"]
[Time "16:09:07"]
[PlyCount "49"]
[TimeControl "1800+5"]

1. e4 e5 2. Nf3 Nc6 3. Bc4 Be7 4. O-O Nf6 5. Nc3 O-O 6. d3 h6 7. Ne2 d6 8.
Ng3 Na5 9. Bb3 Nc6 10. a3 a6 11. Qe2 Bg4 12. h3 Bxf3 13. Qxf3 Nd4 14. Qd1
c6 15. c3 Ne6 16. Nf5 g6 17. Nxh6+ Kg7 18. Qf3 Rh8 19. Ng4 Nxg4 20. Qxg4
Rh4 21. Qg3 Rh8 22. Qg4 Rh4 23. Qg3 Rh8 24. Qg4 Rh4 25. Qg3 { Game drawn by
repetition } 1/2-1/2

[Event "ICC tourney 2357 (30 5)"]
[Site "Internet Chess Club"]
[Date "2021.01.30"]
[Round "4"]
[White "RYCSKarely2010"]
[Black "kiaanj"]
[Result "0-1"]
[ICCResult "White checkmated"]
[WhiteElo "713"]
[BlackElo "871"]
[Opening "Scotch game"]
[ECO "C45"]
[NIC "SO.05"]
[Time "16:08:35"]
[PlyCount "84"]
[TimeControl "1800+5"]

1. e4 e5 2. Nf3 Nc6 3. d4 exd4 4. Nxd4 Bc5 5. Be3 d6 6. Nc3 Nf6 7. Bb5 Bd7
8. O-O O-O 9. Rb1 Re8 10. b4 Bxb4 11. Bc4 Bxc3 12. Qd3 Bxd4 13. Bxd4 Nxd4
14. Qxd4 Rxe4 15. Qd3 Bc6 16. f3 Re8 17. Rbc1 d5 18. Bb3 Qe7 19. Qd2 Rad8
20. Rfe1 Qc5+ 21. Kh1 Rxe1+ 22. Rxe1 Qd6 23. g3 d4 24. c3 Bxf3+ 25. Kg1 Qb6
26. Kf2 dxc3+ 27. Qe3 Qxe3+ 28. Kxe3 Bd5 29. Bxd5 Nxd5+ 30. Kf2 c2 31. Rc1
Nb4 32. a3 Rd1 33. Rxd1 cxd1=Q 34. axb4 Qd2+ 35. Kf3 Qxb4 36. Kg2 a5 37.
Kf2 a4 38. Ke2 a3 39. Kd1 a2 40. Kc2 Qa3 41. Kd1 Qb2 42. Ke1 a1=Q# { White
checkmated } 0-1

[Event "ICC tourney 2357 (30 5)"]
[Site "Internet Chess Club"]
[Date "2021.01.30"]
[Round "4"]
[White "ghraluca"]
[Black "ambitiouscow"]
[Result "0-1"]
[ICCResult "White checkmated"]
[WhiteElo "741"]
[BlackElo "896"]
[Opening "Giuoco Pianissimo: Italian four knights variation"]
[ECO "C50"]
[NIC "IG.02"]
[Time "16:08:26"]
[PlyCount "80"]
[TimeControl "1800+5"]

1. e4 e5 2. Nf3 Nc6 3. Bc4 Bc5 4. Nc3 Nf6 5. d3 h6 6. O-O d6 7. Be3 Bb6 8.
Nd5 O-O 9. Nh4 Nxd5 10. Bxd5 Qxh4 11. Bxb6 axb6 12. Qf3 Nd4 13. Qe3 Nxc2
14. Qf3 Nxa1 15. Rxa1 Bg4 16. Qg3 Qxg3 17. fxg3 c6 18. Bb3 Be6 19. Bxe6
fxe6 20. a3 Rf6 21. Rc1 Raf8 22. b3 b5 23. a4 bxa4 24. bxa4 b6 25. Rb1 b5
26. axb5 cxb5 27. h3 Rb8 28. Rc1 b4 29. Rc6 b3 30. Rc1 b2 31. Rb1 Rf7 32.
Kh2 Rc7 33. g4 Rc1 34. Rxc1 bxc1=Q 35. Kg3 Qf4+ 36. Kh4 g5+ 37. Kh5 Qf7+
38. Kxh6 Qh7+ 39. Kxg5 Kg7 40. h4 Qh6# { White checkmated } 0-1

[Event "ICC tourney 2357 (30 5)"]
[Site "Internet Chess Club"]
[Date "2021.01.30"]
[Round "4"]
[White "AlexPS452"]
[Black "HSputumbaka"]
[Result "0-1"]
[ICCResult "White resigns"]
[WhiteElo "832"]
[BlackElo "653"]
[Opening "QGD Slav: 4.Nc3"]
[ECO "D15"]
[NIC "SL.03"]
[Time "16:08:14"]
[PlyCount "76"]
[TimeControl "1800+5"]

1. d4 d5 2. c4 c6 3. Nc3 Nf6 4. Nf3 Bf5 5. Bf4 e6 6. e3 Bd6 7. Bxd6 Qxd6 8.
g3 O-O 9. Bg2 Na6 10. c5 Qd7 11. O-O Nb4 12. Rc1 Nd3 13. Ra1 Nxb2 14. Qb3
Nc4 15. Rfe1 Na5 16. Qa4 Nc4 17. h3 b5 18. Qb4 a5 19. Qb3 a4 20. Qd1 Nb2
21. Qd2 Nc4 22. Qd1 Nb2 23. Qd2 Nd3 24. Rf1 b4 25. Ne2 b3 26. axb3 axb3 27.
Rxa8 Rxa8 28. Nf4 Nxf4 29. exf4 Be4 30. Ne5 Qe7 31. Bxe4 Nxe4 32. Qb2 Qb7
33. Kg2 Ra2 34. Qb1 Nd2 35. Qc1 Nxf1 36. Qxf1 b2 37. Qb1 Ra1 38. Qd3 b1=Q {
White resigns } 0-1

[Event "ICC tourney 2357 (30 5)"]
[Site "Internet Chess Club"]
[Date "2021.01.30"]
[Round "4"]
[White "Edwardsong"]
[Black "GalinaLand"]
[Result "1-0"]
[ICCResult "Black resigns"]
[WhiteElo "475"]
[BlackElo "800"]
[Opening "Giuoco Pianissimo"]
[ECO "C50"]
[NIC "IG.02"]
[Time "16:09:08"]
[PlyCount "65"]
[TimeControl "1800+5"]

1. e4 e5 2. Nf3 Nc6 3. Bc4 Bc5 4. d3 h6 5. Nc3 d6 6. Be3 Bb6 7. O-O Bg4 8.
h3 Be6 9. Nd5 Nf6 10. Nxf6+ Qxf6 11. Bxe6 fxe6 12. Bxb6 axb6 13. c3 d5 14.
exd5 exd5 15. d4 e4 16. Nd2 Qe6 17. Nf3 O-O-O 18. Re1 Qf6 19. Nh2 Rhf8 20.
Rf1 Qg5 21. g3 Rf5 22. h4 Qf6 23. Ng4 Qg6 24. Ne5 Nxe5 25. dxe5 Rxe5 26.
Qa4 e3 27. Qa8+ Kd7 28. Qa4+ c6 29. Qb4 exf2+ 30. Rxf2 Qxg3+ 31. Rg2 Qxh4
32. Rxg7+ Kc8 33. Qxh4 { Black resigns } 1-0

[Event "ICC tourney 2357 (30 5)"]
[Site "Internet Chess Club"]
[Date "2021.01.30"]
[Round "4"]
[White "Samirarycs"]
[Black "SAH3Clint"]
[Result "0-1"]
[ICCResult "White checkmated"]
[WhiteElo "560"]
[BlackElo "811"]
[Opening "Sicilian defense"]
[ECO "B30"]
[NIC "SI.31"]
[Time "16:08:57"]
[PlyCount "78"]
[TimeControl "1800+5"]

1. e4 c5 2. Nf3 Nc6 3. Bc4 e6 4. d3 Nf6 5. Bg5 Be7 6. Nc3 O-O 7. Nd5 exd5
8. Bxd5 Qa5+ 9. c3 h6 10. Bxf6 Bxf6 11. O-O Qd8 12. e5 Nxe5 13. Nxe5 Bxe5
14. d4 Bd6 15. Qg4 Bc7 16. Qf5 d6 17. Qe4 Qg5 18. Bc4 Bf5 19. Qd5 Rae8 20.
Qxb7 Bd8 21. Rae1 Qg6 22. Bb5 Re7 23. Qc8 Re6 24. Re2 Rxe2 25. Bxe2 Bxc8
26. Re1 Bh3 27. g3 d5 28. Bf3 Qf6 29. Bxd5 Qf5 30. Be4 Qf6 31. Bg2 Bg4 32.
dxc5 Be7 33. b4 Re8 34. b5 Kf8 35. c6 Qxc3 36. Re3 Qc1+ 37. Bf1 Bh3 38. Re1
Qxe1 39. f3 Qxf1# { White checkmated } 0-1

[Event "ICC tourney 2357 (30 5)"]
[Site "Internet Chess Club"]
[Date "2021.01.30"]
[Round "4"]
[White "PrincessAnai"]
[Black "PlanetAntMan"]
[Result "1-0"]
[ICCResult "Black checkmated"]
[WhiteElo "443"]
[BlackElo "756"]
[Opening "Scotch opening"]
[ECO "C44"]
[NIC "KP.10"]
[Time "16:08:46"]
[PlyCount "57"]
[TimeControl "1800+5"]

1. e4 e5 2. Nf3 Nc6 3. d4 Bd6 4. Nc3 Nf6 5. Be2 O-O 6. O-O h6 7. Nd5 Nxd5
8. exd5 Nb4 9. dxe5 Be7 10. c3 Na6 11. Qd4 Bc5 12. Qe4 d6 13. Bd3 Re8 14.
Bxh6 gxh6 15. Qh7+ Kf8 16. e6 fxe6 17. Bg6 Qf6 18. Ng5 exd5 19. Ne6+ Bxe6
20. Rae1 Re7 21. Qxh6+ Rg7 22. Rxe6 Qxe6 23. b3 Qxg6 24. Qh8+ Rg8 25. Qh3
d4 26. Re1 dxc3 27. Kf1 c2 28. Qd7 Ba3 29. Qe7# { Black checkmated } 1-0

[Event "ICC tourney 2357 (30 5)"]
[Site "Internet Chess Club"]
[Date "2021.01.30"]
[Round "4"]
[White "rehatag"]
[Black "chessfish98"]
[Result "1/2-1/2"]
[ICCResult "Game drawn by mutual agreement"]
[WhiteElo "625"]
[BlackElo "812"]
[Opening "Ruy Lopez: Bird's defense"]
[ECO "C61"]
[NIC "RL.05"]
[Time "16:08:29"]
[PlyCount "62"]
[TimeControl "1800+5"]

1. e4 e5 2. Nf3 Nc6 3. Bb5 Nd4 4. Nxd4 exd4 5. d3 Nf6 6. Bg5 h6 7. Bh4 Be7
8. Nd2 O-O 9. Nf3 a6 10. Bc4 c5 11. O-O d6 12. c3 dxc3 13. bxc3 b5 14. Bb3
Qa5 15. c4 b4 16. e5 dxe5 17. Nxe5 Qc7 18. Re1 Bb7 19. Bg3 Qd8 20. Bh4 a5
21. Ng4 Bc8 22. Ne5 Bd7 23. Qf3 a4 24. Bd1 a3 25. Qf4 Ra6 26. Bg4 Bxg4 27.
Nxg4 Nh5 28. Bxe7 Nxf4 29. Bxd8 Rxd8 30. Re4 Ng6 31. Rd1 Rad6 { Game drawn
by mutual agreement } 1/2-1/2

[Event "ICC tourney 2357 (30 5)"]
[Site "Internet Chess Club"]
[Date "2021.01.30"]
[Round "4"]
[White "LionsFreyaC"]
[Black "ElianaE111M"]
[Result "1-0"]
[ICCResult "Black checkmated"]
[WhiteElo "166"]
[BlackElo "394"]
[Opening "King's knight opening"]
[ECO "C40"]
[NIC "KP.10"]
[Time "16:27:59"]
[PlyCount "33"]
[TimeControl "1800+5"]

1. e4 e5 2. Nf3 Bc5 3. d4 Bxd4 4. Nxd4 Nf6 5. Nc3 O-O 6. Bc4 d6 7. O-O h6
8. h3 Bg4 9. hxg4 Nxg4 10. Qxg4 Qg5 11. Bxg5 Nd7 12. Qxd7 Kh7 13. Qf5+ g6
14. Qh3 c5 15. Ndb5 f6 16. Bxh6 Kh8 17. Bxf8# { Black checkmated } 1-0